 Dungeon Crawl Stone Soup version 0.26-a0-639-g72c4674329 (webtiles) character file.

Game seed: 10645572207874522744

10196 DogServant the Fighter (level 11, -6/73 HPs)
             Began as a Gargoyle Fighter on Sept 15, 2020.
             Was a Believer of Makhleb.
             Killed by refrigeration
             ... invoked by Fannar
              (25 damage)
             ... on level 10 of the Dungeon.
             The game lasted 00:23:59 (10289 turns).

DogServant the Fighter (Gargoyle Fighter)          Turns: 10289, Time: 00:24:00

Health: -6/73      AC: 28    Str: 23    XL:     11   Next: 58%
Magic:  11/11      EV:  5    Int:  8    God:    Makhleb [**....]
Gold:   543        SH: 11    Dex: 10    Spells: 10/10 levels left

rFire    . . .     SeeInvis +   s - +4 mace (protect)
rCold    . . .     Faith    .   c - +0 kite shield
rNeg     + . .     Spirit   .   f - +0 plate armour
rPois    ∞         Reflect  .   (no helmet)
rElec    +         Harm     .   C - scarf {repulsion}
rCorr    .         Rampage  .   (no gloves)
MR       +....                  (no boots)
Stlth    ..........             v - amulet of regeneration
HPRegen  0.62/turn              r - ring of see invisible
MPRegen  0.12/turn              z - ring of protection from magic

@: about to teleport, protection aura, repel missiles
A: negative energy resistance 1, electricity resistance, unbreathing,
petrification resistance, rot immunity, AC +8
a: Minor Destruction, Renounce Religion


You were on level 10 of the Dungeon.
You worshipped Makhleb.
Makhleb was pleased with you.
You visited 2 branches of the dungeon, and saw 11 of its levels.

You collected 543 gold pieces.

Inventory:

Hand Weapons
 a - the +9 whip of Ruination {vamp, rPois Int+10 Dex-5 Stlth+}
   (You found it on level 7 of the Dungeon)

   It inflicts no extra harm, but heals its wielder when it wounds a living foe.
   It affects your intelligence (+10).
   It affects your dexterity (-5).
   It protects you from poison.
   It makes you more stealthy.
 e - a +1 mace of draining
 s - a +4 mace of protection (weapon)
 y - a +1 whip of freezing
Armour
 c - a +0 kite shield (worn)
 f - a +0 plate armour (worn)
 C - a scarf of repulsion (worn)
Jewellery
 b - an uncursed amulet of reflection
 j - a +6 ring of intelligence
 r - a ring of see invisible (left hand)
 v - an amulet of regeneration (around neck)
 z - a ring of protection from magic (right hand)
 E - an uncursed ring of protection from cold
Wands
 g - a wand of random effects (11)
 m - a wand of digging (6)
 w - a wand of paralysis (14)
 B - a wand of flame (64)
 F - a wand of iceblast (12)
Scrolls
 d - 5 scrolls of remove curse
 h - 9 scrolls of teleportation
 i - a scroll of identify
 k - 2 scrolls of amnesia
 o - a scroll of enchant armour
 t - a scroll of acquirement {unknown}
 u - 2 scrolls of vulnerability {unknown}
 A - 4 scrolls of enchant weapon
 H - a scroll of magic mapping
Potions
 l - a potion of ambrosia {unknown}
 n - 5 potions of flight {unknown}
 p - a potion of stabbing {unknown}
 q - 2 potions of mutation {unknown}
 x - a potion of magic {unknown}
 I - a potion of might
 J - a potion of curing {unknown}
Miscellaneous
 D - a phial of floods
 G - a condenser vane (2/2)


   Skills:
 + Level 10.7 Fighting
 + Level 9.5 Maces & Flails
 + Level 8.6 Armour
 + Level 8.6 Shields
 + Level 6.0 Evocations


You had 10 spell levels left.
You didn't know any spells.
Your spell library contained the following spells:

 Spells                   Type           Power        Failure   Level
 Magic Dart               Conj           #...         100%        1
 Summon Small Mammal      Summ           #...         100%        1
 Call Imp                 Summ           #.......     100%        2
 Searing Ray              Conj           #.....       100%        2
 Call Canine Familiar     Summ           #.......     100%        3
 Dazzling Flash           Conj/Hex       #.....       100%        3
 Summon Guardian Golem    Hex/Summ       #.......     100%        3
 Fulminant Prism          Conj/Hex       #.........   100%        4
 Iskenderun's Mystic Bla  Conj/Tloc      #.......     100%        4
 Summon Ice Beast         Ice/Summ       #.......     100%        4
 Summon Lightning Spire   Summ/Air       #.......     100%        4


Dungeon Overview and Level Annotations

Branches:
Dungeon (10/15)            Temple (1/1) D:7
   Lair: D:8-11         Orc: D:9-12

Altars:
Ashenzari
Cheibriados
Dithmenos
Elyvilon
Fedhas
Gozag
Hepliaklqana
Kikubaaqudgha
Makhleb
Nemelex Xobeh
Okawaru
Qazlal
Ru
Sif Muna
Trog
Uskayaw
Vehumet
Wu Jian
Xom
Yredelemnul
Zin
The Shining One
Lugonu

Annotations:
D:8 2 transporters, fly's ghost, novice TrDe
D:10 Fannar


Innate Abilities, Weirdness & Mutations

You are resistant to torment.
Your stone body is resilient. (AC +8)
You are immune to poison.
You resist negative energy. (rN+)
You are resistant to electric shocks. (rElec)
You can survive without breathing.
You are immune to petrification.
You are immune to rotting.


Message History

Fannar is moderately wounded.
You block Fannar's attack.
You hit Fannar but do no damage.
Fannar is moderately wounded.
Fannar mumbles some strange words.
Your shield and plate armour prevent you from hitting Fannar.
Fannar is moderately wounded.
Fannar gestures wildly while chanting.
Fannar drains the heat from the surrounding environment!
You feel very cold.
* * * LOW HITPOINT WARNING * * *
Fannar is frozen.
Fannar resists.
You block the ice beast's attack.
Okay, then.
As you read the scroll of teleportation, it crumbles to dust.
You feel strangely unstable. You block Fannar's attack.
The ice beast hits you but does no damage.
Fannar gestures wildly while chanting.
Fannar drains the heat from the surrounding environment!
You feel very cold.
You die...

#)##.#.#.#
#<##.#...#
####.#..##
####+#..#
#.......## #
#........#:##
#...........#
#?..........#
#....@..#...#
####..e##...#
#.Y....>...
#.#......?.
#.########
#.. ###


You could see Fannar (icy armour) and an ice beast (summoned).

Vanquished Creatures
  A rakshasa (D:9)
  A hydra (D:7)
  Harold (D:7)
  A two-headed ogre (D:9)
  Pikel (D:7)
  A manticore (D:9)
  Joseph (D:7)
  A troll (D:8)
  Prince Ribbit (D:5)
  Grinder (D:3)
  A slime creature (D:9)
  2 hippogriffs
  A spriggan (D:7)
  3 yaks (D:9)
  A soldier ant (D:9)
  3 orc warriors
  2 black bears
  2 sky beasts
  An eye of draining (D:9)
  A necrophage (D:7)
  3 ogres
  3 centaurs
  2 lemures (D:7)
  2 big kobolds
  8 bullfrogs
  2 wyvern skeletons (D:9)
  A scorpion (D:7)
  A water moccasin skeleton (D:4)
  6 killer bees (D:9)
  A troll skeleton (D:7)
  7 wights
  A howler monkey (D:9)
  2 bullfrog zombies
  4 human zombies (D:7)
  2 quasits (D:7)
  2 centaur zombies
  5 orc priests
  A jelly (D:9)
  7 hounds
  10 orc wizards
  2 iguanas
  Jessica (D:3)
  A human skeleton (D:7)
  Natasha (thrice) (D:3)
  5 worker ants
  2 mummies (D:7)
  4 gnolls (D:8)
  A howler monkey skeleton (D:4)
  5 river rats (D:3)
  16 adders
  5 shadow imps
  2 white imps
  2 ufetubi
  An ooze (D:4)
  An adder skeleton (D:4)
  An adder zombie (D:7)
  5 worms
  2 dart slugs
  6 leopard geckos
  40 orcs
  A ball python (D:5)
  5 giant cockroaches
  4 goblins
  5 hobgoblins
  9 jackals
  4 quokkas
  5 bats
  A frilled lizard (D:3)
  A jackal skeleton (D:4)
  7 kobolds
  A leopard gecko zombie (D:4)
  2 orc zombies (D:7)
  7 rats
254 creatures vanquished.

Notes
Turn   | Place    | Note
-------+----------+-------------------------------------------
     0 | D:1      | DogServant the Gargoyle Fighter began the quest for the
                  | Orb.
     0 | D:1      | Reached XP level 1. HP: 14/14 MP: 1/1
   176 | D:1      | Reached XP level 2. HP: 19/19 MP: 2/2
   663 | D:2      | Found a hide-covered altar of Uskayaw.
   669 | D:2      | Reached XP level 3. HP: 24/24 MP: 3/3
   691 | D:2      | Reached skill level 4 in Fighting
   841 | D:2      | Found a faded altar of an unknown god.
   906 | D:2      | Found an iron altar of Okawaru.
  1361 | D:3      | Reached XP level 4. HP: 30/30 MP: 4/4
  1466 | D:3      | Noticed Grinder
  1474 | D:3      | Paralysed by Grinder for 7 turns
  1482 | D:3      | Killed Grinder
  1482 | D:3      | Reached skill level 5 in Fighting
  1482 | D:3      | Reached XP level 5. HP: 17/36 MP: 5/5
  1482 | D:3      | Reached XP level 6. HP: 19/41 MP: 6/6
  1745 | D:3      | Reached skill level 6 in Fighting
  1745 | D:3      | Reached skill level 5 in Maces & Flails
  1927 | D:3      | Noticed Natasha
  1933 | D:3      | Killed Natasha
  1968 | D:3      | Noticed Natasha
  1977 | D:3      | Killed Natasha
  1977 | D:3      | Reached XP level 7. HP: 33/47 MP: 7/7
  2120 | D:3      | Noticed Jessica
  2122 | D:3      | Killed Jessica
  2187 | D:3      | Noticed Natasha
  2191 | D:3      | Killed Natasha
  2858 | D:4      | Found a stormy altar of Qazlal.
  2899 | D:4      | Found an ornate altar of the Wu Jian Council.
  2900 | D:4      | Found a sacrificial altar of Ru.
  2928 | D:4      | Reached skill level 7 in Fighting
  3465 | D:4      | Reached XP level 8. HP: 25/53 MP: 8/8
  3934 | D:5      | Entered Level 5 of the Dungeon
  4237 | D:5      | Noticed Prince Ribbit
  4489 | D:5      | Found a glowing silver altar of Zin.
  4869 | D:5      | Killed Prince Ribbit
  4870 | D:5      | Found a snail-covered altar of Cheibriados.
  5026 | D:6      | Found a white marble altar of Elyvilon.
  5091 | D:6      | Found a sparkling altar of Nemelex Xobeh.
  5356 | D:6      | Found a basalt altar of Yredelemnul.
  5442 | D:6      | Reached skill level 8 in Fighting
  5442 | D:6      | Reached skill level 1 in Evocations
  5803 | D:7      | Found a staircase to the Ecumenical Temple.
  5806 | D:7      | Reached skill level 5 in Shields
  5814 | Temple   | Entered the Ecumenical Temple
  5851 | D:7      | Got a polished whip
  5856 | D:7      | Reached skill level 5 in Armour
  5857 | D:7      | Identified the +9 whip of Ruination {vamp, rPois Int+10
                  | Dex-5 Stlth+} (You found it on level 7 of the Dungeon)
  5885 | D:7      | Reached XP level 9. HP: 54/59 MP: 9/9
  5892 | D:7      | Noticed Joseph
  5920 | D:7      | Killed Joseph
  5954 | D:7      | Found an ancient bone altar of Kikubaaqudgha.
  6181 | D:7      | Noticed Harold
  6199 | D:7      | Killed Harold
  6199 | D:7      | Reached skill level 9 in Fighting
  6441 | D:7      | Noticed Pikel
  6485 | D:7      | Killed Pikel
  6485 | D:7      | Reached XP level 10. HP: 63/66 MP: 10/10
  6608 | D:7      | Found a burning altar of Makhleb.
  6609 | D:7      | Noticed a blizzard demon
  7171 | D:7      | Found a glowing golden altar of the Shining One.
  7328 | D:8      | Noticed an eight-headed hydra
  7413 | D:7      | Killed an eight-headed hydra
  7765 | D:7      | Noticed an orange demon
  7769 | D:7      | Became a worshipper of Makhleb the Destroyer
  7935 | D:8      | Found a bloodstained altar of Trog.
  8250 | D:8      | Found a transporter.
  8262 | D:8      | Reached skill level 10 in Fighting
  8278 | D:8      | Found a transporter.
  8279 | D:8      | Noticed fly's ghost (novice TrDe)
  8474 | D:8      | Reached skill level 5 in Evocations
  8479 | D:8      | Reached * piety under Makhleb
  8517 | D:8      | Found a hazy altar of Hepliaklqana.
  8755 | D:8      | Found a shimmering blue altar of Sif Muna.
  8896 | D:9      | Reached XP level 11. HP: 69/72 MP: 11/11
  9381 | D:9      | Noticed a two-headed ogre
  9395 | D:9      | Killed a two-headed ogre
  9475 | D:9      | Found a runed translucent door.
  9505 | D:9      | Reached ** piety under Makhleb
  9565 | D:9      | Noticed a rakshasa
  9573 | D:9      | Noticed a manticore
  9637 | D:9      | Killed a rakshasa
  9646 | D:9      | Killed a manticore
  9930 | D:9      | Found a blossoming altar of Fedhas.
 10236 | D:10     | Entered Level 10 of the Dungeon
 10275 | D:10     | Noticed Fannar
 10289 | D:10     | Killed from afar by Fannar

Illustrated notes

Levels and vault maps discovered:
D:1:      minmay_arrival_shattered_statue, layout_loops_ring
D:2:      layout_basic, lemuel_doored_altar, eat_drink_and_be_merry_uskayaw,
          chequers_ecumenical_altar_island, minmay_tromino_v4_b
D:3:      layout_basic, lightli_sewer_entry_pipes, uniq_jessica, uniq_grinder,
          uniq_natasha
D:4:      layout_gridville, nicolae_qazlal_general_emergency,
          chequers_temple_overflow_statue_of_worship, kennysheep_path_1
D:5:      layout_basic, zin_academy, kennysheep_slug_shrine, uniq_prince_ribbit1
D:6:      layout_cave_pods, old_standard_altar, elyvilon_altar_5, basic_altar
D:7:      layout_basic, lemuel_mausoleum_altar_kikubaaqudgha, marbit_many_paths,
          makhleb_altar_promises_db, minmay_temple_entry_waves, enter_ossuary_2,
          the_bakery, uniq_harold, uniq_joseph, uniq_pikel
D:8:      layout_layer_cave, lemuel_round_altar, kennysheep_mini,
          lemuel_crystal_altar, gammafunk_ghost_mausoleum
D:9:      minmay_the_grid_triangle_9x9_rhombus_full
          [minmay_the_grid_triangle_9x9_corruption,
          minmay_the_grid_triangle_9x9_sprig,
          minmay_the_grid_triangle_9x9_odd_lines,
          minmay_the_grid_triangle_9x9_thin_v,
          minmay_the_grid_triangle_9x9_from_above,
          minmay_the_grid_triangle_9x9_stretched_checkered,
          minmay_the_grid_triangle_9x9_subtriangle,
          minmay_the_grid_triangle_9x9_prize_schism], layout_basic,
          fedhas_altar_1
D:10:     layout_basic, grunt_lair_entry_orc_guard_hut, serial_shops, shop,
          uniq_fannar, uniq_maggie
Temple:   corrupted_temple

Skill      XL: |  1  2  3  4  5  6  7  8  9 10 11 |
---------------+----------------------------------+-----
Fighting       | 4 5 6 7 8 9 10 | 10.7
Maces & Flails | 3 4 5 6 7 8 9 |  9.5
Shields        | 5 6 7 8 |  8.6
Armour         | 5 6 7 8 |  8.6
Evocations     | 1 3 5 6 |  6.0

Action                   |  1- 3 |  4- 6 |  7- 9 | 10-12 || total
-------------------------+-------+-------+-------+-------++-------
Melee: Flail             |    98 |   132 |   215 |       ||   445
       Mace              |       |       |   145 |   469 ||   614
       Whip              |       |       |   193 |    72 ||   265
Evoke: Wand              |       |       |       |     2 ||     2
  Use: Scroll            |     4 |       |     8 |     5 ||    17
       Potion            |       |     1 |     1 |     6 ||     8
Armor: Scale mail        |    58 |    55 |   278 |    91 ||   482
       Plate armour      |       |       |       |   355 ||   355
Dodge: Dodged            |    37 |    36 |   145 |   150 ||   368
       Repelled          |       |       |       |     3 ||     3
Block: Kite shield       |    59 |    50 |   266 |   404 ||   779

Table legend: (Time is in decaauts)
 A = Elapsed time spent in this place.
 B = Non-inter-level travel time spent in this place.
 C = Inter-level travel time spent in this place.
 D = Time resting spent in this place.
 E = Time spent auto-exploring this place.
 F = Levels seen in this place.
 G = Mean time per level.
                   A        B        C        D        E       F      G
               +--------+--------+--------+--------+--------+-----+--------+
         Total |  10402 |  10074 |    328 |    656 |   6779 |  11 |  945.6 |
       Dungeon |  10362 |  10035 |    327 |    656 |   6779 |  10 | 1036.2 |
        Temple |     39 |     38 |      1 |      0 |      0 |   1 |   39.0 |
               +--------+--------+--------+--------+--------+-----+--------+

Top non-repeatable levels by time:
     D:7: 1663 daAuts
     D:3: 1500 daAuts
     D:9: 1413 daAuts
     D:8: 1276 daAuts
     D:4: 1191 daAuts
     D:5: 1090 daAuts
     D:6: 787 daAuts
     D:2: 728 daAuts
     D:1: 659 daAuts
    D:10: 52 daAuts
  Temple: 39 daAuts
